 Dungeon Crawl Stone Soup version 0.31-a0-40-g1d5085d191 (webtiles) character file.

Game seed: 11112037543168763755

425333 Chaicat the Slayer (level 22, -6/448 HPs)
             Began as a Minotaur Berserker on Apr 19, 2023.
             Was the Champion of Trog.
             Killed from afar by a tengu reaver (35 damage)
             ... with a bolt of fire
             ... on level 5 of the Vaults on May 17, 2023.
             The game lasted 02:36:51 (45734 turns).

Chaicat the Slayer (Minotaur Berserker)            Turns: 45734, Time: 02:36:51

Health: -6/448     AC: 39    Str: 29    XL:     22   Next: 73%
Magic:  0/21       EV: 16    Int:  8    God:    Trog [******]
Gold:   2794       SH: 22    Dex: 13    Spells: 21/21 levels left

rFire   x . .        l - +4 broad axe (vamp)
rCold   + + +        N - +5 kite shield {rC+}
rNeg    + + .        P - +9 plate armour of Zegroehi {Rampage +Blink Regen+}
rPois   +            k - +2 hat of the Bear Spirit {Spirit, Bear, *Rage Will++}
rElec   .            U - +2 cloak {rPois}
rCorr   .            Z - +2 pair of gloves {Str+3}
SInv    +            (no boots)
Will    +++++        h - amulet "Neytuck" {Spirit rF- rC+++ rN++} Stlth
                     A - ring of Fixation {Fly rPois Will+ Int-4 Stlth+}
HPRegen 2.74/turn    F - ring "Lilannae" {Int+6 Slay+2 SInv}
MPRegen 0.17/turn

%: random rage (20%), guardian spirit, rampage
@: mighty, berserking, lethally poisoned (-6 -> -7), strong-willed, flying,
regenerating, studying Axes, very quick
A: horns 2, retaliatory headbutt, iridescent scales 1, large bone plates 1, weak
1
}: 2/15 runes: decaying, gossamer
a: Renounce Religion, Evoke Blink, Berserk, Trog's Hand, Brothers in Arms


You were on level 5 of the Vaults.
You worshipped Trog.
Trog was exalted by your worship.
You visited 9 branches of the dungeon, and saw 41 of its levels.
You also visited: Bailey, Gauntlet, Ice Cave and Wizlab.

You collected 5128 gold pieces.
You spent 2334 gold pieces at shops.

Inventory:

Hand Weapons
 l - a +4 vampiric broad axe (weapon)
 V - a +6 broad axe of venom
Missiles
 G - 2 throwing nets (quivered)
Armour
 d - +0 fire dragon scales
 k - the +2 hat of the Bear Spirit (worn) {Spirit, Bear, *Rage Will++}
   (You found it on level 3 of the Dungeon)

   Bear:      Going berserk makes the wearer exceptionally tough, and they are
   slowed for a shorter time afterward.
   *Rage:     It berserks you when you make melee attacks (+20% chance).
   Will:      It greatly increases your willpower.
 x - +1 gold dragon scales
 J - a +2 cloak of stealth
 N - a +5 kite shield of cold resistance (worn)
 P - the +9 plate armour of Zegroehi (worn) {Rampage +Blink Regen+}
   (You acquired it on level 14 of the Dungeon)

   +Blink:    It lets you blink.
   Regen:     It increases your rate of health regeneration.
   Rampage:   It bestows one free step when moving towards enemies.
 U - a +2 cloak of poison resistance (worn)
 Z - a +2 pair of gloves of strength (worn)
Jewellery
 a - the ring of Zuopol {Will+ EV+5 Str+3}
   (You took it off a vault sentinel on level 4 of the Vaults)

   [ring of evasion]

   EV:        It affects your evasion (+5).
   Str:       It affects your strength (+3).
   Will:      It increases your willpower.
 h - the amulet "Neytuck" (around neck) {Spirit rF- rC+++ rN++}
   (You found it in a Gauntlet)

   [amulet of guardian spirit]

   It causes incoming damage to be divided between your reserves of health and
   magic.
   rF:        It makes you vulnerable to fire.
   rC:        It renders you almost immune to cold.
   rN:        It greatly protects you from negative energy.
 o - a ring of resist corrosion
 A - the ring of Fixation (left hand) {Fly rPois Will+ Int-4 Stlth+}
   (You found it in a Gauntlet)

   [ring of willpower]

   Int:       It affects your intelligence (-4).
   rPois:     It protects you from poison.
   Fly:       It grants you flight.
   Will:      It increases your willpower.
   Stlth:     It makes you more stealthy.
 F - the ring "Lilannae" (right hand) {Int+6 Slay+2 SInv}
   (You acquired it on level 4 of the Lair of Beasts)

   [ring of intelligence]

   Int:       It affects your intelligence (+6).
   Slay:      It affects your accuracy & damage with ranged weapons and melee
   (+2).
   SInv:      It lets you see invisible.
 H - the ring of Dawn {Fire SInv}
   (You took it off a fire giant on level 2 of the Depths)

   [ring of fire]

   It enhances your fire magic.
   rF:        It protects you from fire.
   rC:        It makes you vulnerable to cold.
   SInv:      It lets you see invisible.
 I - a ring of fire
 Q - the ring "Fexuis" {rElec rPois rC+ Str-2 SInv}
   (You found it on level 4 of the Lair of Beasts)

   [ring of see invisible]

   Str:       It affects your strength (-2).
   rC:        It protects you from cold.
   rElec:     It insulates you from electricity.
   rPois:     It protects you from poison.
   SInv:      It lets you see invisible.
 R - a ring of protection from fire
 W - the ring of Rigeigo {+Blink rCorr}
   (You found it in a wizard's laboratory)

   [ring of resist corrosion]

   +Blink:    It lets you blink.
   rCorr:     It protects you from acid and corrosion.
 X - a ring of willpower
Wands
 b - a wand of light (14)
 f - a wand of charming (48)
 q - a wand of iceblast (30)
 r - a wand of mindburst (37)
 w - a wand of polymorph (14)
 B - a wand of flame (44)
 K - a wand of digging (24)
Scrolls
 i - 22 scrolls of teleportation
 m - 9 scrolls of fear
 u - 21 scrolls of identify
 v - 3 scrolls of summoning
 y - 10 scrolls of magic mapping
 E - 7 scrolls of fog
 L - 2 scrolls of silence
 M - 4 scrolls of blinking
 S - 5 scrolls of poison
 Y - a scroll of enchant armour
Potions
 c - 5 potions of haste
 e - 4 potions of resistance
 g - 8 potions of heal wounds
 j - 13 potions of flight
 n - 4 potions of invisibility
 p - 22 potions of curing
 s - 6 potions of ambrosia
 t - 6 potions of might
 z - 3 potions of cancellation
 C - 3 potions of lignification
 D - 2 potions of berserk rage
 O - 5 potions of magic
 T - a potion of mutation


   Skills:
 + Level 24.9 Fighting
 - Level 18.0 Axes
 - Level 20.0 Armour
 - Level 20.0 Dodging
 - Level 15.0 Shields
 + Level 19.3 Evocations


You had 21 spell levels left.
You didn't know any spells.
Your spell library was empty.

Dungeon Overview and Level Annotations

Branches:
Dungeon (15/15)            Temple (0/1) D:6            Lair (5/5) D:11
  Swamp (4/4) Lair:3       Spider (4/4) Lair:2        Slime (1/5) Lair:5
    Orc (2/2) D:9             Elf (1/3) Orc:2        Vaults (5/5) D:14
  Crypt (0/3) Vaults:3     Depths (4/4) D:15            Zot (0/5) Depths:4
 Bailey (visited)           IceCv (visited)          WizLab (visited)
Gauntlet (visited)

Altars:
Ashenzari
Elyvilon
Fedhas
Gozag
Hepliaklqana
Kikubaaqudgha
Makhleb
Nemelex Xobeh
Qazlal
Sif Muna
Uskayaw
Vehumet
Wu Jian
Xom
Zin

Shops:
D:12 [   D:15 *   Orc:1 (   Orc:2 :[*!   Vaults:2 =   Vaults:3 *   Vaults:4 !

Portals:
Hell: Depths:1 Depths:2 Depths:3 Depths:4
Abyss: Depths:3 Depths:4
Pandemonium: Orc:2 Depths:2
Ziggurat: Depths:2
Trove: Vaults:1 (give +6 ice dragon scales)


Innate Abilities, Weirdness & Mutations

You have a pair of horns on your head.
You reflexively headbutt those who attack you in melee.
You are partially covered in iridescent scales. (AC +2)
You are partially covered in large bone plates. (SH +4)
You are weak. (Str -2)


Message History

You feel very sick. You block the tengu reaver's attack. x3
The tengu reaver blocks your attack.
You headbutt the tengu reaver.
The tengu reaver is moderately wounded.
You barely miss the fire giant.
You feel very sick. You block the vault warden's attack.
The fire giant gestures at you while chanting.
The bolt of fire hits you!! The fire burns you terribly!
* * * LOW HITPOINT WARNING * * *
You feel much better.
You recover from your berserk rage.
You feel very sick.
The storm dragon breathes lightning at you.
The bolt of lightning hits you!!
* * * LOW HITPOINT WARNING * * *
The tengu reaver casts a spell at you. The bolt of acid misses you.
The vault warden throws a stone.
You block the stone. You block the ettin's attack.
The ettin hits you with a +0 heavy dire flail!
* * * LOW HITPOINT WARNING * * *
The fire giant barely misses you.
You hear two shouts!
You hear a howl! x2; You hear a shout!
A red film seems to cover your vision as you go berserk!
You feel yourself moving faster!
You feel mighty!
You feel very sick.
You block the tengu reaver's attack. x2; The tengu reaver misses you.
The vault warden throws a stone.
The stone barely misses you.
The stone hits the ettin.
You block the ettin's attack. x2
The fire giant completely misses you. You furiously retaliate!
You headbutt the fire giant!
The storm dragon breathes lightning at you.
The bolt of lightning misses you.
Unknown command.
You barely miss the tengu reaver.
The tengu reaver is lightly wounded.
You hit the fire giant. You hit the ettin but do no damage.
You feel sick.
The tengu reaver points at you and mumbles some strange words.
The bolt of fire hits you!!! The fire burns you terribly!
You die...

.........#....#.....
.......[.#....#....$
#...÷...........
########)÷......########
.........)...[..........
..........[<<[).........
........).<.[Dp.........
........)[[<<[[))C...D..
########.[...)..@(###
#[...[).)QC.X....
.+##.............. ...
#.............. #..
#....#......... #..
#....#......... +.
#....#.........
#....#.........


You could see a tentacled monstrosity, a golden dragon, a storm dragon (catching
breath), a fire giant, a vault warden, a tengu reaver (reflecting) and an ettin.

Vanquished Creatures
  Boris (Vaults:4)
  3 golden dragons
  A bone dragon (Depths:3)
  Rupert (D:14)
  Zenata (Vaults:1)
  2 liches
  3 tentacled monstrosities
  Mlioglotl (Swamp:3)
  A quicksilver dragon (Vaults:5)
  3 titans (Vaults:5)
  Gastronok (Lair:3)
  2 ancient champions (WizLab)
  3 sphinxes
  Agnes (D:15)
  Frances (Spider:1)
  Donald (Vaults:1)
  2 tengu reavers
  7 storm dragons
  A revenant (WizLab)
  Kirke (Lair:4)
  3 shadow dragons (Vaults:5)
  Roxanne (D:15)
  A fenstrider witch (Swamp:4)
  An iron dragon (Depths:2)
  18 vault wardens
  A caustic shrike zombie (WizLab)
  10 fire giants
  Aizul (Swamp:3)
  2 ghost moths (shapeshifter)
  An emperor scorpion (Spider:4)
  A spectral caustic shrike (WizLab)
  5 frost giants
  A draconian shifter (Depths:4)
  7 ghost moths
  23 ironbound preservers
  6 orc warlords
  4 ghouls (Swamp:4)
  A war gargoyle (Vaults:5)
  8 stone giants
  18 very ugly things
  14 ironbound thunderhulks
  A spriggan defender (Depths:2)
  A vampire knight (Depths:2)
  The ghost of Bacu the Thaumaturge, a journeyman DjCj of Makhleb (Lair:4)
  Azrael (D:14)
  A draconian annihilator (Depths:4)
  3 eleionomae
  A black draconian (Depths:4)
  4 halazid warlocks (WizLab)
  A minotaur (Gauntlet)
  5 spark wasps
  A yellow draconian (Depths:4)
  3 green draconians (Depths:4)
  A red draconian (Depths:4)
  10 dire elephants
  5 bunyips
  3 eidola
  A crystal guardian (Vaults:3)
  4 blizzard demons (Depths:3)
  A jiangshi (WizLab)
  6 ettins
  A deep elf death mage (WizLab)
  7 great orbs of eyes
  Josephine (D:13)
  A spectral quicksilver dragon (WizLab)
  5 entropy weavers
  9 fire dragons
  A quicksilver dragon zombie (WizLab)
  2 deep elf high priests
  15 yaktaur captains
  4 ice dragons
  A shambling mangrove (Swamp:2)
  30 vault guards
  4 rakshasas
  Erolcha (D:13)
  2 catoblepae
  5 ironbound frosthearts
  A spriggan air mage (Depths:4)
  2 ghost crabs
  2 demonspawn (Orc:2)
  4 peacekeepers
  14 hydras
  A radroach (Spider:3)
  A jorogumo (Spider:3)
  A hell beast (Depths:3)
  3 death knights
  The ghost of HilariousDeathArtist the Geomancer, a journeyman DgEE (D:11)
  2 two-headed ogres
  3 dancing weapons (Elf:1)
  2 death scarabs
  10 centaur warriors
  7 alligators
  2 vampire magi
  A hell hog (Depths:3)
  7 boulder beetles
  4 deep troll earth magi
  4 deep troll shamans
  12 death yaks
  A titan zombie (WizLab)
  8 tengu warriors
  4 spriggan berserkers
  6 orc high priests
  2 sun demons
  2 spectral death yaks (Lair:5)
  3 iron trolls
  3 skysharks
  2 fire crabs
  2 sun moths
  5 shadow wraiths
  A spectral spark wasp (WizLab)
  3 glowing orange brains
  5 goliath frogs
  12 skeletal warriors
  A spectral anaconda (Lair:5)
  3 pharaoh ants
  A storm dragon skeleton (Vaults:3)
  59 deep trolls
  2 flayed ghosts (WizLab)
  7 orb spiders
  11 swamp dragons
  13 lindwurms
  8 wizards
  Pikel (D:6)
  8 spriggan druids
  4 deep elf archers
  An obsidian statue (Lair:5)
  5 phantasmal warriors
  An orb spider (shapeshifter) (Vaults:5)
  6 steelbarb worms
  A wolf spider zombie (WizLab)
  16 ironbound convokers
  5 harpies (Vaults:3)
  14 orc knights
  4 deep elf zephyrmancers (Elf:1)
  A spectral spriggan (WizLab)
  A spectral wolf spider (WizLab)
  10 deep elf pyromancers
  8 necromancers
  11 orc sorcerers
  45 ugly things
  3 will-o-the-wisps
  4 manticores
  An oklob plant (D:11)
  15 wolf spiders
  3 cyclopes
  2 human zombies (Vaults:3)
  15 elephants
  3 moths of wrath
  An ice statue (IceCv)
  3 black mambas
  19 vault sentinels
  A gargoyle (D:11)
  6 torpor snails
  An eye of devastation (shapeshifter) (Vaults:5)
  6 demonic crawlers
  2 orange demons (Orc:2)
  11 cane toads
  Maggie (D:8)
  A minotaur zombie (Gauntlet)
  9 rime drakes
  An unseen horror (D:11)
  6 komodo dragons
  3 efreet
  A yaktaur zombie (Vaults:3)
  2 kobold demonologists (D:11)
  2 ice devils (D:13)
  4 freezing wraiths
  19 yaktaurs
  3 tengu conjurers
  2 harpy zombies (WizLab)
  4 meliai
  10 tyrant leeches
  6 trolls
  23 hornets
  A hellwing (Orc:2)
  6 polar bears
  2 spriggan zombies (WizLab)
  19 tarantellas
  Prince Ribbit (D:7)
  7 dream sheep
  9 blink frogs
  32 slime creatures
  A jumping spider (shapeshifter) (Vaults:4)
  An ettin skeleton (Vaults:3)
  A centaur simulacrum (D:15)
  17 culicivoras
  23 jumping spiders
  2 shadows
  19 spriggans
  2 vampires
  4 flying skulls (WizLab)
  A stone giant simulacrum (Vaults:3)
  2 wyverns
  7 humans (Bailey)
  2 hogs (Lair:4)
  8 wraiths
  3 basilisks
  4 fire bats (Gauntlet)
  67 yaks
  5 ynoxinuls (Depths:3)
  4 steam dragons
  4 fire elementals
  68 redbacks
  A death yak simulacrum (Lair:5)
  4 wargs
  Menkaure (D:7)
  16 vampire mosquitoes
  A spectral cane toad (Lair:5)
  3 acid dragons
  13 water moccasins
  A hydra simulacrum (Gauntlet)
  12 swamp worms
  5 hell hounds
  Duvessa (D:6)
  7 swamp drakes
  A floating eye (shapeshifter) (Vaults:3)
  41 orc warriors
  4 ice beasts
  A sky beast (D:6)
  A black bear (D:5)
  8 ogres
  7 wolves
  13 centaurs
  An elephant skeleton (Lair:5)
  A lemure (D:6)
  A phantom (D:4)
  3 kobold brigands (D:11)
  21 bullfrogs
  A necrophage (Swamp:4)
  3 gnoll sergeants
  2 earth elementals (Elf:1)
  A cane toad simulacrum (Lair:5)
  A human skeleton (Vaults:3)
  4 scorpions
  Dowan (D:6)
  3 hornet simulacra
  An elephant simulacrum (Lair:5)
  20 killer bees
  3 vampire bats (Lair:5)
  5 electric eels
  A howler monkey (D:10)
  4 hounds
  A gnoll bouda (D:9)
  34 orc priests
  A sleepcap (D:8)
  5 iguanas
  31 orc wizards
  8 hell rats
  A boggart simulacrum (Gauntlet)
  6 adders
  22 gnolls
  2 shadow imps
  A white imp (D:6)
  An ufetubus (D:5)
  A worm (D:5)
  3 dart slugs
  87 orcs
  2 ball pythons
  4 endoplasms
  A giant cockroach (D:4)
  12 hobgoblins
  4 jackals
  3 quokkas
  11 bats
  7 goblins
  7 kobolds
  7 rats
1692 creatures vanquished.

Vanquished Creatures (collateral kills)
  2 very ugly things (Vaults:1)
  A fire dragon (Swamp:4)
  A demonspawn (Orc:2)
  A fire crab (Swamp:4)
  4 swamp dragons (Swamp:4)
  A lindwurm (Swamp:4)
  An ugly thing (Vaults:1)
  2 meliai (D:14)
  A steam dragon (Swamp:4)
  A swamp drake (Swamp:4)
  A gnoll sergeant (D:10)
  2 gnolls (D:10)
18 creatures vanquished.

Vanquished Creatures (others)
  A broodmother (Spider:4)
  An ettin (Vaults:5)
  An alligator (Swamp:4)
  An ugly thing (D:14)
  4 bloated husks
  3 flying skulls (WizLab)
  A human (Lair:4)
  A steam dragon (Swamp:4)
  2 swamp drakes (Swamp:4)
  An orc priest (Orc:2)
  An orc wizard (Orc:1)
  An adder (D:6)
  A howler monkey simulacrum (D:9)
  3 orcs
  8 foxfires
30 creatures vanquished.

Grand Total: 1740 creatures vanquished

Notes
Turn   | Place    | Note
-------+----------+-------------------------------------------
     0 | D:1      | Chaicat the Minotaur Berserker began the quest for the Orb.
     0 | D:1      | Reached XP level 1. HP: 19/19 MP: 0/0
   153 | D:1      | Reached XP level 2. HP: 27/27 MP: 1/1
   260 | D:1      | Found a faded altar of an unknown god.
   280 | D:1      | Reached skill level 4 in Fighting
  1005 | D:2      | Reached XP level 3. HP: 32/33 MP: 2/2
  1243 | D:2      | Found an ornate altar of the Wu Jian Council.
  1627 | D:3      | Reached ** piety under Trog
  1883 | D:3      | Found the +2 hat of the Bear Spirit {Spirit, Bear, *Rage
                  | Will++}
  2110 | D:3      | Reached XP level 4. HP: 41/41 MP: 3/3
  2184 | D:3      | Found a sparkling altar of Nemelex Xobeh.
  2631 | D:4      | Reached skill level 5 in Fighting
  2678 | D:4      | Noticed a scorpion
  2688 | D:4      | Killed a scorpion
  2689 | D:4      | Reached XP level 5. HP: 48/48 MP: 4/4
  2761 | D:4      | Noticed a phantom
  2767 | D:4      | Killed a phantom
  3014 | D:4      | Found an ornate altar of the Wu Jian Council.
  3205 | D:4      | Found an opulent altar of Gozag.
  3357 | D:5      | Entered Level 5 of the Dungeon
  3367 | D:5      | Noticed an ice beast
  3368 | D:5      | Noticed an ice beast
  3373 | D:5      | Killed an ice beast
  3374 | D:5      | Reached skill level 6 in Fighting
  3374 | D:5      | Reached skill level 5 in Axes
  3374 | D:5      | Reached XP level 6. HP: 29/57 MP: 3/5
  3376 | D:5      | Killed an ice beast
  3550 | D:5      | Reached XP level 7. HP: 57/64 MP: 6/6
  3737 | D:5      | Reached skill level 7 in Fighting
  3737 | D:5      | Reached skill level 5 in Armour
  3748 | D:5      | Reached *** piety under Trog
  3752 | D:5      | Found a stormy altar of Qazlal.
  3960 | D:5      | Reached skill level 8 in Fighting
  3960 | D:5      | Reached skill level 5 in Dodging
  3960 | D:5      | Reached XP level 8. HP: 72/74 MP: 7/7
  4622 | D:6      | Reached skill level 9 in Fighting
  4634 | D:6      | Found a blossoming altar of Fedhas.
  4654 | D:6      | Noticed Dowan
  4654 | D:6      | Noticed Duvessa
  4655 | D:6      | Noticed Pikel
  4807 | D:7      | Found a shimmering altar of Xom.
  4822 | D:7      | Noticed Menkaure
  4830 | D:7      | Killed Menkaure
  4831 | D:7      | Reached XP level 9. HP: 85/85 MP: 6/8
  4847 | D:7      | Found a glowing silver altar of Zin.
  5001 | D:7      | Found a flagged portal.
  5011 | Bailey   | Entered a bailey
  5025 | Bailey   | Reached skill level 10 in Fighting
  5228 | Bailey   | Noticed a vault guard
  5252 | Bailey   | Killed a vault guard
  5253 | Bailey   | Reached skill level 11 in Fighting
  5262 | Bailey   | Reached **** piety under Trog
  5263 | Bailey   | Reached XP level 10. HP: 13/96 MP: 3/9
  5501 | Bailey   | Noticed a vault guard
  5517 | Bailey   | Killed a vault guard
  5698 | Bailey   | Reached skill level 12 in Fighting
  6207 | D:7      | Noticed Prince Ribbit
  6215 | D:7      | Killed Prince Ribbit
  6471 | D:6      | Killed Duvessa
  6477 | D:6      | Killed Pikel
  6478 | D:6      | Killed Dowan
  6554 | D:6      | Found a staircase to the Ecumenical Temple.
  6835 | D:6      | Found a faded altar of an unknown god.
  6835 | D:6      | Found a faded altar of an unknown god.
  6838 | D:6      | Found a hazy altar of Hepliaklqana.
  7043 | D:8      | Found a broken altar of Ashenzari.
  7439 | D:8      | Noticed Maggie
  7446 | D:8      | Killed Maggie
  7447 | D:8      | Reached skill level 13 in Fighting
  7517 | D:8      | Reached skill level 1 in Shields
  7896 | D:9      | Reached XP level 11. HP: 89/107 MP: 10/10
  8041 | D:9      | Noticed a two-headed ogre
  8051 | D:9      | Killed a two-headed ogre
  8052 | D:9      | Reached skill level 10 in Axes
  8229 | D:9      | Found a burning altar of Makhleb.
  8337 | D:9      | Reached ***** piety under Trog
  8565 | D:9      | Found a staircase to the Orcish Mines.
  8879 | D:9      | Noticed a centaur warrior
  8879 | D:9      | Noticed a tengu warrior
  8879 | D:9      | Noticed a centaur warrior
  8879 | D:9      | Noticed a boulder beetle
  8893 | D:10     | Entered Level 10 of the Dungeon
  8899 | D:10     | Killed a tengu warrior
  8900 | D:10     | Reached skill level 14 in Fighting
  8900 | D:10     | Reached skill level 10 in Armour
  9633 | D:10     | Found a hide-covered altar of Uskayaw.
  9750 | D:11     | Found a staircase to the Lair.
  9752 | D:11     | Noticed an oklob plant
  9764 | D:11     | Killed an oklob plant
  9977 | D:11     | Reached skill level 5 in Shields
 10010 | D:11     | Reached XP level 12. HP: 61/118 MP: 6/11
 10190 | D:11     | Upgraded the game from 0.30-a0-1112-gfb780f5df6 to
                  | 0.31-a0-1-g4198be8af4
 10225 | D:11     | Reached skill level 15 in Fighting
 10240 | D:11     | Reached skill level 10 in Dodging
 10626 | D:11     | Noticed a centaur warrior
 10627 | D:11     | Noticed a tengu warrior
 10630 | D:11     | Found a runed translucent gate.
 10634 | D:11     | Found a runed translucent gate.
 10634 | D:11     | Found a runed translucent gate.
 10636 | D:11     | Noticed a two-headed ogre
 10637 | D:11     | Noticed HilariousDeathArtist's ghost (journeyman DgEE)
 11044 | D:12     | Found Follaebrabi's Antique Armour Shop.
 11053 | D:12     | Bought a glowing cloak for 202 gold pieces
 11671 | D:12     | Found a white marble altar of Elyvilon.
 11908 | D:13     | Found a frozen archway.
 11954 | IceCv    | Entered an ice cave
 11965 | IceCv    | Received a gift from Trog
 12055 | IceCv    | Noticed a death yak
 12062 | IceCv    | Reached skill level 16 in Fighting
 12071 | IceCv    | Killed a death yak
 12137 | IceCv    | Noticed a death yak
 12139 | IceCv    | Noticed a death yak
 12147 | IceCv    | Killed a death yak
 12152 | IceCv    | Killed a death yak
 12545 | IceCv    | Reached XP level 13. HP: 130/130 MP: 10/12
 12845 | IceCv    | Noticed a frost giant
 12863 | IceCv    | Killed a frost giant
 12872 | IceCv    | Reached skill level 17 in Fighting
 13160 | D:13     | Noticed Josephine
 13173 | D:13     | Killed Josephine
 13690 | D:13     | Noticed Erolcha
 13698 | D:13     | Killed Erolcha
 13903 | D:13     | Identified the +4 rapier "Ulaemar" {freeze, rC- rN+ Dex+4}
 14257 | D:14     | Identified a scroll of acquirement
 14257 | D:14     | Acquired the +9 plate armour of Zegroehi {Rampage +Blink
                  | Regen+}
 14508 | D:14     | Noticed Rupert
 14530 | D:14     | Killed Rupert
 14534 | D:14     | Reached skill level 18 in Fighting
 14565 | D:14     | Found a gate to the Vaults.
 14632 | D:14     | Reached XP level 14. HP: 143/143 MP: 13/13
 14773 | D:14     | Gained mutation: Your body sometimes deteriorates upon
                  | taking damage. [potion of mutation]
 14773 | D:14     | Gained mutation: Your spells are a little easier to cast,
                  | but a little less powerful. [potion of mutation]
 14773 | D:14     | Gained mutation: You possess an exceptional clarity of
                  | mind. [potion of mutation]
 14774 | D:14     | Lost mutation: You possess an exceptional clarity of mind.
                  | [potion of mutation]
 14774 | D:14     | Lost mutation: Your spells are a little easier to cast, but
                  | a little less powerful. [potion of mutation]
 14774 | D:14     | Lost mutation: Your body sometimes deteriorates upon taking
                  | damage. [potion of mutation]
 14774 | D:14     | Gained mutation: You sometimes lose your temper in combat.
                  | [potion of mutation]
 14774 | D:14     | Gained mutation: You do not regenerate when monsters are
                  | visible. [potion of mutation]
 14774 | D:14     | Gained mutation: You are robust. (+10% HP) [potion of
                  | mutation]
 14775 | D:14     | Lost mutation: You do not regenerate when monsters are
                  | visible. [potion of mutation]
 14775 | D:14     | Lost mutation: You are robust. (+10% HP) [potion of
                  | mutation]
 14775 | D:14     | Gained mutation: You have an uncontrollable temper. [potion
                  | of mutation]
 14775 | D:14     | Gained mutation: Your spells are a little easier to cast,
                  | but a little less powerful. [potion of mutation]
 14775 | D:14     | Gained mutation: You have a pair of large horns on your
                  | head. [potion of mutation]
 15085 | D:15     | Entered Level 15 of the Dungeon
 15085 | D:15     | Noticed Azrael
 15085 | D:15     | Found Zyiryul's General Store.
 15103 | D:14     | Killed Azrael
 15219 | D:15     | Reached ****** piety under Trog
 15224 | D:15     | Noticed Agnes
 15236 | D:15     | Killed Agnes
 15266 | D:15     | Received a gift from Trog
 15708 | Lair:1   | Entered Level 1 of the Lair of Beasts
 16632 | Lair:2   | Reached skill level 19 in Fighting
 16671 | Lair:2   | Found a hole to the Spider Nest.
 17698 | Lair:3   | Received a gift from Trog
 17826 | Lair:3   | Noticed Gastronok
 17829 | Lair:3   | Found a gate leading to a gauntlet.
 17837 | Lair:3   | Killed Gastronok
 17865 | Gauntlet | Entered a Gauntlet
 17865 | Gauntlet | Found a transporter.
 17865 | Gauntlet | Found a transporter.
 17867 | Gauntlet | Found a transporter.
 17867 | Gauntlet | Found a transporter.
 17869 | Gauntlet | Acquired a manual of Axes
 17872 | Gauntlet | Found a transporter.
 17981 | Gauntlet | Found a transporter.
 17981 | Gauntlet | Found the +4 robe of Folly {Brill Will-∞ Int+8}
 17985 | Gauntlet | Found a transporter.
 17994 | Gauntlet | Found a transporter.
 18002 | Gauntlet | Found a transporter.
 18021 | Gauntlet | Found a transporter.
 18027 | Gauntlet | Found a transporter.
 18044 | Gauntlet | Found a transporter.
 18284 | Gauntlet | Identified the amulet "Neytuck" {Spirit rF- rC+++ rN++}
 18357 | Gauntlet | Identified the ring of Fixation {Fly rPois Will+ Int-4
                  | Stlth+}
 18363 | Gauntlet | Identified the +9 sling "Lefeukuthry" {drain, rN+ Stlth+}
 18394 | Gauntlet | Reached XP level 15. HP: 117/152 MP: 12/14
 18742 | Lair:3   | Upgraded the game from 0.31-a0-1-g4198be8af4 to
                  | 0.31-a0-4-gefa6de2278
 18925 | Lair:3   | Found a staircase to the Swamp.
 19480 | Lair:4   | Acquired the ring "Lilannae" {Int+6 Slay+2 SInv}
 19720 | Lair:4   | Found a large runed translucent door.
 19720 | Lair:4   | Found a large runed translucent door.
 19721 | Lair:4   | Noticed Bacu's ghost (journeyman DjCj)
 19753 | Lair:4   | Identified the ring "Fexuis" {rElec rPois rC+ Str-2 SInv}
 19989 | Lair:4   | Noticed Kirke
 19995 | Lair:4   | Killed Kirke
 20167 | Lair:4   | Killed Bacu's ghost
 20167 | Lair:4   | Received a gift from Trog
 20215 | Lair:5   | Entered Level 5 of the Lair of Beasts
 20235 | Lair:5   | Lost mutation: Your spells are a little easier to cast, but
                  | a little less powerful. [potion of mutation]
 20235 | Lair:5   | Lost mutation: You have an uncontrollable temper. [potion
                  | of mutation]
 20235 | Lair:5   | Gained mutation: Your spells are a little harder to cast,
                  | but a little more powerful. [potion of mutation]
 20235 | Lair:5   | Gained mutation: You are partially covered in large bone
                  | plates. (SH +4) [potion of mutation]
 20235 | Lair:5   | Lost mutation: You sometimes lose your temper in combat.
                  | [potion of mutation]
 20270 | Lair:5   | Reached skill level 15 in Axes
 20329 | Lair:5   | Found a staircase to the Slime Pits.
 20367 | Lair:5   | Reached skill level 20 in Fighting
 20656 | Lair:5   | Reached skill level 10 in Shields
 21092 | Lair:5   | Reached skill level 15 in Armour
 21519 | Lair:5   | Received a gift from Trog
 22242 | D:9      | Found a shimmering blue altar of Sif Muna.
 22248 | D:9      | Found an ancient bone altar of Kikubaaqudgha.
 22254 | D:9      | Found a radiant altar of Vehumet.
 22641 | Orc:1    | Entered Level 1 of the Orcish Mines
 22984 | Orc:2    | Entered Level 2 of the Orcish Mines
 23111 | Orc:1    | Found Juypaota's Weapon Emporium.
 23195 | Orc:2    | Reached XP level 16. HP: 162/162 MP: 13/15
 23241 | Orc:2    | Received a gift from Trog
 23260 | Orc:2    | Found a staircase to the Elven Halls.
 23733 | Orc:2    | Found Jagah's Distillery.
 23734 | Orc:2    | Found Rustre's General Store.
 23942 | Orc:2    | Reached skill level 15 in Dodging
 23990 | Orc:2    | Found Gughuo's Book Boutique.
 23990 | Orc:2    | Found Xefril's Antique Armour Shop.
 23991 | Orc:2    | Found a one-way gate leading to the halls of Pandemonium.
 24352 | Swamp:1  | Entered Level 1 of the Swamp
 24398 | Swamp:1  | Reached skill level 1 in Evocations
 24421 | Swamp:1  | Received a gift from Trog
 24798 | Swamp:1  | Upgraded the game from 0.31-a0-4-gefa6de2278 to
                  | 0.31-a0-18-gea43df2a32
 25624 | Swamp:3  | Noticed Aizul
 25649 | Swamp:3  | Killed Aizul
 25764 | Swamp:3  | Noticed Mlioglotl
 25779 | Swamp:3  | Killed Mlioglotl
 25780 | Swamp:3  | Reached skill level 5 in Evocations
 26312 | Swamp:4  | Entered Level 4 of the Swamp
 26358 | Swamp:4  | Reached XP level 17. HP: 110/170 MP: 10/16
 26370 | Swamp:4  | HP: 8/170 [ghoul (14)]
 27101 | Swamp:4  | Identified the +1 robe of Untruth {*Slow Fly rF+++ rCorr
                  | Int+3}
 27135 | Swamp:4  | Got a decaying rune of Zot
 27408 | Spider:1 | Entered Level 1 of the Spider Nest
 27502 | Spider:1 | Received a gift from Trog
 27598 | Spider:1 | Noticed Frances
 27610 | Spider:1 | Killed Frances
 27810 | Spider:1 | You are sucked into a shaft and drop 1 floor!
 29382 | Spider:3 | Received a gift from Trog
 29887 | Spider:4 | Entered Level 4 of the Spider Nest
 30153 | Spider:4 | Reached XP level 18. HP: 178/178 MP: 17/17
 30468 | Spider:4 | Identified the +9 quarterstaff "Lacertilianslayer" {drain,
                  | Stlth+}
 30704 | Spider:4 | Received a gift from Trog
 31124 | Spider:4 | Got a gossamer rune of Zot
 31445 | Spider:4 | Lost mutation: You have a pair of large horns on your head.
                  | [potion of mutation]
 31445 | Spider:4 | Lost mutation: Your spells are a little harder to cast, but
                  | a little more powerful. [potion of mutation]
 31445 | Spider:4 | Gained mutation: You are weak. (Str -2) [potion of
                  | mutation]
 31445 | Spider:4 | Gained mutation: You are partially covered in iridescent
                  | scales. (AC +2) [potion of mutation]
 31738 | Slime:1  | Entered Level 1 of the Pits of Slime
 32065 | D:11     | Killed HilariousDeathArtist's ghost
 32220 | D:15     | Noticed Roxanne
 32228 | D:15     | Killed Roxanne
 32449 | D:15     | Received a gift from Trog
 32542 | D:15     | Found a staircase to the Depths.
 32885 | Vaults:1 | Entered Level 1 of the Vaults
 32893 | Vaults:1 | Reached skill level 10 in Evocations
 33003 | Vaults:1 | Noticed Zenata
 33025 | Vaults:1 | Killed Zenata
 33681 | Vaults:1 | Noticed Donald
 33699 | Vaults:1 | Killed Donald
 33809 | Vaults:1 | Reached XP level 19. HP: 185/185 MP: 18/18
 34106 | Vaults:1 | Found a portal to a secret trove of treasure.
 34453 | Vaults:2 | Found a magical portal.
 34458 | WizLab   | Entered Borgnjor's Mausoleum
 34479 | WizLab   | Received a gift from Trog
 34845 | WizLab   | Identified the ring of Rigeigo {+Blink rCorr}
 35155 | WizLab   | Upgraded the game from 0.31-a0-18-gea43df2a32 to
                  | 0.31-a0-37-g98a128e1d9
 35296 | Vaults:2 | Found Umynetup's Jewellery Shoppe.
 35395 | Vaults:2 | Received a gift from Trog
 35608 | Vaults:2 | Identified the +2 triple sword "Ruamef" {flame, rElec rF+
                  | rN+}
 36424 | Vaults:3 | Reached skill level 15 in Evocations
 36425 | Vaults:3 | Received a gift from Trog
 36455 | Vaults:3 | Found a staircase to the Crypt.
 36609 | Vaults:3 | Found Ficub's Assorted Antiques.
 36617 | Vaults:3 | Bought a scroll of acquirement for 2132 gold pieces
 36617 | Vaults:3 | Acquired a +2 pair of gloves of strength
 36768 | Vaults:3 | Reached XP level 20. HP: 192/192 MP: 12/19
 36895 | Vaults:3 | Received a gift from Trog
 37756 | Vaults:4 | Reached skill level 15 in Shields
 37757 | Vaults:4 | Received a gift from Trog
 37826 | Vaults:4 | Identified the ring of Zuopol {Will+ EV+5 Str+3}
 38038 | Vaults:4 | Acquired 478 gold pieces
 38173 | Vaults:4 | Received a gift from Trog
 38409 | Vaults:4 | Reached skill level 21 in Fighting
 38427 | Vaults:4 | Found Uhyil's Distillery.
 39141 | Vaults:4 | Reached XP level 21. HP: 195/204 MP: 15/20
 39204 | Vaults:4 | Noticed Boris
 39213 | Vaults:4 | Killed Boris
 39628 | Vaults:5 | Entered Level 5 of the Vaults
 39631 | Vaults:4 | Upgraded the game from 0.31-a0-37-g98a128e1d9 to
                  | 0.31-a0-40-g1d5085d191
 39828 | Depths:1 | Entered Level 1 of the Depths
 39926 | Depths:1 | Found a gateway to Hell.
 40031 | Depths:1 | Identified the +8 great sword "Unbearable Tormentor"
                  | {heavy, *Noise Fly Will+++ Dex+2} (Trog gifted it to you on
                  | level 1 of the Depths)
 40031 | Depths:1 | Received a gift from Trog
 40395 | Depths:1 | Reached skill level 22 in Fighting
 40567 | Depths:1 | Found a glowing silver altar of Zin.
 40912 | Depths:2 | Noticed a golden dragon
 40912 | Depths:2 | Noticed a golden dragon
 40933 | Depths:2 | Killed a golden dragon
 40969 | Depths:2 | Identified the ring of Dawn {Fire SInv}
 41043 | Depths:2 | Killed a golden dragon
 41096 | Depths:2 | Received a gift from Trog
 41155 | Depths:2 | Found the +3 giant club "Skullcrusher" {speed, Str+7}
 41240 | Depths:2 | Identified the staff of cold "Ynosaf" {rC+ Str+4}
 41354 | Depths:2 | Found a one-way gateway to a ziggurat.
 41492 | Depths:2 | Found an ancient bone altar of Kikubaaqudgha.
 41848 | Depths:3 | Found a one-way gate to the infinite horrors of the Abyss.
 42096 | Depths:3 | Reached skill level 23 in Fighting
 42545 | Elf:1    | Entered Level 1 of the Elven Halls
 42586 | Elf:1    | Received a gift from Trog
 43472 | Depths:4 | Entered Level 4 of the Depths
 43515 | Depths:4 | Reached XP level 22. HP: 179/220 MP: 10/21
 43704 | Depths:4 | Found a stormy altar of Qazlal.
 43950 | Depths:4 | Received a gift from Trog
 44016 | Depths:4 | Noticed a golden dragon
 44017 | Depths:4 | Found a gate to the Realm of Zot.
 44031 | Depths:4 | Killed a golden dragon
 44300 | Depths:4 | Identified the +0 chain mail of the Seven Gods {Harm Drain
                  | Will+ Dex+3}
 44803 | Depths:3 | Reached skill level 24 in Fighting
 45404 | Vaults:5 | Identified the +8 broad axe of Minotaur's Foe {heavy, rElec
                  | rCorr Dex-5} (Trog gifted it to you on level 5 of the
                  | Vaults)
 45404 | Vaults:5 | Received a gift from Trog
 45727 | Vaults:5 | Noticed a golden dragon
 45734 | Vaults:5 | Killed from afar by a tengu reaver

Illustrated notes

Levels and vault maps discovered:
D:1:      evilmike_arrival_home_sweet_home, layout_basic,
          ebering_ecumenical_altar_box
D:2:      layout_loops_ring, basic_altar
D:3:      layout_basic, nemelex_dance_club_becter, kennysheep_donut
D:4:      layout_basic, mainiacjoe_overflow_small_starburst,
          nicolae_gozag_seed_capital, kennysheep_doodads,
          kennysheep_generic_room_13
D:5:      layout_basic, amcnicky_altar_gilded, chequers_serial_rivers_room_b,
          hangedman_glass_teeth, minmay_diced_spiral
D:6:      layout_rooms, nicolae_hepliaklqana_ecumenical_no_more,
          mainiacjoe_overflow_catwalk, minmay_temple_entry_trees, uniq_pikel,
          uniq_duvessa
D:7:      layout_basic, mainiacjoe_overflow_alcove_4, old_standard_altar,
          enter_bailey_2, uniq_menkaure, uniq_prince_ribbit1
D:8:      layout_gridville, ashenzari_conservatory_becter, serial_glass,
          glass_columns_a, glass_columns_a, glass_columns_a, glass_columns_a,
          uniq_maggie
D:9:      kennysheep_blocky_hall, layout_loops_ring,
          palyth_temple_overflow_mages, nicolae_overflow_crystal_walls,
          minmay_orc_entry_temple_small, minivault_28
D:10:     layout_small_grid, nicolae_uskayaw_suspiria
D:11:     layout_long_grid, dpeg_oklobed_lair, gammafunk_ghost_split, hex_tiny
D:12:     layout_loops_cross, serial_shops, shop, nicolae_elyvilon_temple_path
D:13:     layout_stronghold, portal_ice_cave_demonic_guard, uniq_josephine,
          uniq_erolcha
D:14:     layout_loops_cross, david_vaults_2, grunt_decor_junction, uniq_rupert
D:15:     gammafunk_enter_depths_forms, layout_cave_pools, serial_shops, shop,
          minmay_circle_x, uniq_agnes, uniq_roxanne, uniq_azrael
Lair:1:   layout_cave_pods, serial_bayou_shore_a
Lair:2:   layout_chaotic_city, nicolae_spider_entry_lesser_pyramids,
          chequers_serial_rivers_micro_c, chequers_serial_rivers_micro_a,
          chequers_serial_rivers_micro_d
Lair:3:   layout_hall_layers, swamp_mist_pool, gauntlet_entry_generic,
          grunt_megastairs_2, uniq_gastronok
Lair:4:   layout_roguey, ebering_ghost_disaster_area, uniq_kirke
Lair:5:   due_jungle_book, layout_gridlike, slime_entry_1,
          chequers_serial_rivers_marsh, roderic_batcave, grunt_megastairs_5
Swamp:1:  layout_basic_swamp, nicolae_swamp_feature_on_the_river_bank,
          nicolae_swamp_dense_foliage
Swamp:2:  layout_falls_marsh, nicolae_swamp_tree_isthmus, swamp_pool4,
          nicolae_swamp_fairy_circle
Swamp:3:  layout_basic_swamp, serial_swamp_ruin, evilmike_swamp_ruin_rubble_1,
          evilmike_swamp_ruin_rubble_2, evilmike_swamp_ruin_house_3,
          uniq_mlioglotl, uniq_aizul
Swamp:4:  swamp_fiery, layout_basic_swamp
Spider:1: layout_cave_pods, uniq_frances
Spider:2: layout_spider_delve
Spider:3: layout_spider_delve, hangedman_spider_tarantella_strand
Spider:4: spider_rune_water
Slime:1:  layout_caves, cheibrodos_slime_lost_civilization_6
Orc:1:    layout_caves, serial_shops, nicolae_shop_hallway_plus
Orc:2:    pf_orc_diabolical, layout_caves
Elf:1:    minmay_elf_arrival_plus, layout_geoelf_diagonals, serial_shops,
          nicolae_shop_overgrown_old_shop, special_room
          [special_room_mythical_zoo], minmay_elf_demonology
Vaults:1: v_misc_8, v_pattern_2, v_rooms_3, layout_vaults_omnigrid,
          nicolae_trove_entry_free_sample, uniq_zenata, uniq_donald
Vaults:2: mu_enter_wizlab_1, nicolae_vaults_stand_back,
          nicolae_vaults_double_plus_1, v_rooms_1,
          nicolae_vaults_storage_closets_3, nicolae_vaults_house_1,
          nicolae_vaults_trapezoid_2, nicolae_vaults_trapezoid_lopsided_4,
          vaults_room_hallway, nicolae_vaults_sesquioval_fish,
          vaults_room_pools, layout_vaults_big_room, serial_shops,
          nicolae_diamond_shop
Vaults:3: nicolae_vaults_network_square, v_rooms_4,
          nicolae_vaults_windows_and_doors_thing, vaults_mumra_minichess,
          v_misc_3, nicolae_vaults_weapon_check, blue_anna_dwarven_crypt,
          nicolae_vaults_shelves_hall, vaults_room_octagon,
          vaults_room_glass_cross, nicolae_vaults_double_plus_2,
          layout_vaults_maze, serial_shops, nicolae_shop_trees
Vaults:4: nicolae_vaults_closet_pinwheel_5, nicolae_vaults_door_testing_chamber,
          ontoclasm_vaults_ligature, nicolae_vaults_surprise_closet_hard,
          dpeg_vaults_monster_box, nicolae_vaults_lightning_bolt,
          nicolae_vaults_arrows, vaults_room_stairs_pillars,
          nicolae_vaults_surprise_closet, v_alt_pattern_2,
          ontoclasm_vaults_decontamination, vaults_room_mumra_shop_pool,
          layout_vaults_omnicross, uniq_boris
Vaults:5: uniq_saint_roka
Depths:1: layout_long_grid, hangedman_decor_peaks_small, pf_coc_iceberg,
          zin_scriptorium, firewood_loft
Depths:2: minmay_the_grid_square_5x5_3x3 [minmay_the_grid_square_5x5_spiral,
          minmay_the_grid_square_5x5_tetrominoes,
          minmay_the_grid_square_5x5_checkered_sparse,
          minmay_the_grid_square_5x5_three_walls,
          minmay_the_grid_square_5x5_megaprize_checkered,
          minmay_the_grid_square_5x5_bracketed,
          minmay_the_grid_square_5x5_fancy_junction,
          minmay_the_grid_square_5x5_tie, minmay_the_grid_square_5x5_z],
          layout_gridville, enter_ziggurat_f, hangedman_geh_valley, pan_entry,
          lemuel_coloured_pillars_altar, minmay_tree_intersection
Depths:3: cheibrodos_quadrivalence, layout_cave_pools, grunt_mini_vestibule,
          abyss_entry, minmay_orc_keep
Depths:4: grunt_zot_entry_hairpin, layout_basic, abyss_entry,
          grunt_qazlal_clouds, hangedman_tar_grid_catacomb, grunt_ministairs_11,
          chequers_serial_rivers_micro_b, serial_bayou_shore_b

Skill      XL: |  1  2  3  4  5  6  7  8  9 10 11 12 13 14 15 16 17 18 19 20 21 22 |
---------------+-------------------------------------------------------------------+-----
Fighting       | 4 5 6 8 9 11 13 14 16 18 19 20 21 23 24 | 24.9
Axes           | 4 5 6 7 8 9 11 12 13 14 17 18 | 18.0
Armour         | 3 4 5 6 8 9 10 11 13 14 15 17 19 20 | 20.0
Dodging        | 3 4 5 6 7 8 9 10 12 13 14 16 17 19 20 | 20.0
Shields        | 1 5 6 8 10 11 15 | 15.0
Evocations     | 5 8 11 15 16 18 19 | 19.3

Action                     |  1- 3 |  4- 6 |  7- 9 | 10-12 | 13-15 | 16-18 | 19-21 | 22-24 || total
---------------------------+-------+-------+-------+-------+-------+-------+-------+-------++-------
  Melee: Hand axe          |    56 |       |       |       |    31 |    47 |       |       ||   134
         Headbutt          |     9 |    10 |    26 |   112 |   260 |   472 |   540 |   104 ||  1533
         Punch             |     1 |       |     1 |     1 |       |       |       |       ||     3
         War axe           |    33 |    59 |   171 |    68 |       |       |       |       ||   331
         Broad axe         |       |       |       |   435 |   972 |  1649 |  1646 |   334 ||  5036
         Flail             |       |       |       |       |    17 |       |       |       ||    17
 Invoke: Berserk           |       |       |     1 |     2 |     3 |     4 |       |     1 ||    11
         Trog's Hand       |       |       |       |     1 |     3 |     3 |     3 |     1 ||    11
         Brothers in Arms  |       |       |       |     1 |     1 |     4 |       |       ||     6
  Evoke: Wand              |       |       |       |       |     1 |       |       |       ||     1
    Use: Scroll            |     5 |       |     6 |    19 |    16 |     3 |     8 |       ||    57
         Potion            |       |       |       |       |     5 |     3 |     2 |     3 ||    13
   Stab: Distracted        |       |       |       |       |       |     4 |       |       ||     4
 Armour: Animal skin       |    10 |       |       |       |       |       |       |       ||    10
         Ring mail         |    13 |    34 |    20 |       |       |       |       |       ||    67
         Scale mail        |       |       |    50 |     1 |       |       |       |       ||    51
         Plate armour      |       |       |       |   237 |   489 |   628 |   541 |   199 ||  2094
         Chain mail        |       |       |       |    38 |    55 |       |       |       ||    93
  Dodge: Dodged            |    60 |    48 |   106 |   246 |   383 |   588 |   491 |   181 ||  2103
  Block: Buckler           |       |       |       |   108 |    10 |       |       |       ||   118
         Kite shield       |       |       |       |       |   746 |  1430 |  1181 |   347 ||  3704

Table legend: (Time is in decaauts)
 A = Elapsed time spent in this place.
 B = Non-inter-level travel time spent in this place.
 C = Inter-level travel time spent in this place.
 D = Time resting spent in this place.
 E = Time spent auto-exploring this place.
 F = Levels seen in this place.
 G = Mean time per level.
                   A        B        C        D        E       F      G
               +--------+--------+--------+--------+--------+-----+--------+
         Total |  46079 |  42343 |   3736 |   7486 |  25010 |  45 | 1024.0 |
       Dungeon |  16695 |  15108 |   1587 |   2440 |   9807 |  15 | 1113.0 |
          Lair |   5981 |   5299 |    682 |    863 |   3398 |   5 | 1196.2 |
         Swamp |   2891 |   2780 |    111 |    241 |   1844 |   4 |  722.8 |
   Spider Nest |   4130 |   3939 |    191 |     77 |   2991 |   4 | 1032.5 |
    Slime Pits |     28 |     27 |      1 |      0 |     16 |   1 |   28.0 |
  Orcish Mines |   1717 |   1395 |    322 |      5 |   1058 |   2 |  858.5 |
   Elven Halls |     56 |     56 |      0 |     22 |      0 |   1 |   56.0 |
        Vaults |   6457 |   6034 |    423 |   1429 |   2902 |   5 | 1291.4 |
        Depths |   4660 |   4245 |    415 |    821 |   2252 |   4 | 1165.0 |
        Bailey |    861 |    861 |      0 |    457 |    164 |   1 |  861.0 |
      Ice Cave |   1184 |   1184 |      0 |    645 |    253 |   1 | 1184.0 |
        Wizlab |    716 |    716 |      0 |    280 |    116 |   1 |  716.0 |
      Gauntlet |    697 |    697 |      0 |    201 |    207 |   1 |  697.0 |
               +--------+--------+--------+--------+--------+-----+--------+

Top non-repeatable levels by time:
Vaults:4: 2197 daAuts
     D:9: 1960 daAuts
  Lair:5: 1638 daAuts
Spider:4: 1628 daAuts
Vaults:1: 1600 daAuts
Depths:4: 1524 daAuts
    D:14: 1501 daAuts
Vaults:3: 1496 daAuts
    D:11: 1434 daAuts
    D:13: 1281 daAuts
Depths:2: 1277 daAuts
  Lair:2: 1266 daAuts
   Orc:2: 1220 daAuts
    D:15: 1205 daAuts
   IceCv: 1184 daAuts
